 Dungeon Crawl Stone Soup version 0.20-a0-945-g3bf614a (webtiles) character file.

1306 Gorglomux the Firebug (level 8, -10/57 HPs)
             Began as a Purple Draconian Fire Elementalist on Apr 1, 2017.
             Mangled by an ogre
             ... wielding a +0 giant club
              (27 damage)
             ... on level 5 of the Dungeon.
             The game lasted 00:11:29 (4781 turns).

Gorglomux the Firebug (DrFE)                        Turns: 4781, Time: 00:11:30

Health: -10/57     AC:  7    Str: 12    XL:     8   Next: 32%
Magic:  7/15       EV: 12    Int: 17    God:
Gold:   290        SH:  0    Dex: 11    Spells: 4/17 levels left

rFire    . . .     SeeInvis .   v - +0 spear
rCold    . . .     Gourm    .   (no shield)
rNeg     . . .     Faith    .   (armour unavailable)
rPois    .         Spirit   .   (helmet restricted)
rElec    .         Reflect  .   A - +0 cloak
rCorr    .         Harm     .   (no gloves)
MR       +....                  (no boots)
Stlth    ++........             (no amulet)
Regen    0.2/turn               (no ring)
MPRegen  0.2/turn               (no ring)

@: no status effects
A: breathe power, unfitting armour, cold-blooded, AC +6
a: Breathe Dispelling Energy


You were on level 5 of the Dungeon.
You were not hungry.

You visited 1 branch of the dungeon, and saw 5 of its levels.

You collected 290 gold pieces.

Inventory:

Hand Weapons
 g - a +0 whip
 v - a +0 spear (weapon)
Armour
 A - a +0 cloak (worn)
Scrolls
 e - a scroll of teleportation {unknown}
 k - 2 scrolls of magic mapping {unknown}
 l - a scroll of immolation {unknown}
 m - 3 scrolls of noise {unknown}
 o - 2 scrolls of recharging {unknown}
 p - 4 scrolls of remove curse
 x - a scroll of enchant weapon {unknown}
 y - a scroll of fog {unknown}
 z - a scroll of identify {unknown}
Potions
 d - a potion of brilliance {unknown}
 j - a potion of haste {unknown}
 q - a potion of might {unknown}
 r - a potion of magic {unknown}
 s - 2 potions of heal wounds {unknown}
 w - a potion of curing {unknown}
 B - a potion of lignification {unknown}
Books
 a - a book of Flames

   Spells                             Type                      Level
   a - Flame Tongue                   Conjuration/Fire             1
   b - Throw Flame                    Conjuration/Fire             2
   c - Conjure Flame                  Conjuration/Fire             3
   d - Inner Flame                    Hexes/Fire                   3
   e - Sticky Flame                   Conjuration/Fire             4
   f - Fireball                       Conjuration/Fire             5
Comestibles
 b - 4 bread rations
 c - 5 meat rations
 h - a fruit
 C - 3 chunks of flesh


   Skills:
 - Level 1.7 Dodging
 - Level 1.7 Stealth
 - Level 5.3 Spellcasting
 + Level 6.5 Conjurations
 + Level 7.1 Fire Magic


You had 4 spell levels left.
You knew the following spells:

 Your Spells              Type           Power        Failure   Level  Hunger
a - Flame Tongue          Conj/Fire      ####.        1%          1    None
c - Fireball              Conj/Fire      ####......   24%         5    ######.
j - Conjure Flame         Conj/Fire      ####....     2%          3    ##.....
x - Sticky Flame          Conj/Fire      ####....     10%         4    ####...


Dungeon Overview and Level Annotations

Branches:
Dungeon (5/15)
 Temple: D:4-7

Altars:
Trog

Annotations:
D:2 Sigmund


Innate Abilities, Weirdness & Mutations

You can breathe bolts of dispelling energy.
Your rich purple scales are hard. (AC +6)
You cannot fit into any form of body armour.
You are cold-blooded and may be slowed by cold attacks.


Message History

The sticky flame hits the ogre.
The ogre is moderately wounded.
The ogre is covered in liquid flames!
The ogre burns!
The ogre hits you with a giant club!!
* * * LOW HITPOINT WARNING * * *
The ogre burns!
Okay, then.
The ogre burns!
Casting: Sticky Flame
Confirm with . or Enter, or press ? or * to list all spells.
Aiming: Fireball
Press: ? - help, Shift-Dir - straight line, p - ogre
Okay, then.
The ogre burns!
The ogre stops burning.
Casting: Fireball
Confirm with . or Enter, or press ? or * to list all spells.
Aiming: Conjure Flame
Press: ? - help, Dir - move target cursor, p - ogre The fire ignites!
The ogre hits you with a giant club!!
You die...

#......# #..........##..
#......# #..>.......##..
#......### #..........##..
#........# #.....>........
#......#.## #..............
####.###..# #(####.....
######.####.## #(.....#...
#........##..#######......##..
#........###.@O§c.........###.
#........# #########..##...#..
#........# #...(......#.#
#........##### #..)..........
#............####.............
#........##..^.#####...####...
#........###............###...
#........##...................
#####.#####...#..#............


You could see an ogre and a centaur.

Vanquished Creatures
  The ghost of Gorglomux the Sneak, an amateur VSAs (D:4)
  Edmund (D:5)
  Duvessa (D:4)
  2 ogres (D:4)
  A phantom (D:4)
  Blork the orc (D:4)
  Dowan (D:4)
  2 scorpions (D:5)
  A howler monkey (D:4)
  A gnoll shaman (D:3)
  A centaur skeleton (D:4)
  An orc wizard (D:4)
  Jessica (D:2)
  A worker ant (D:4)
  Natasha (twice) (D:2)
  2 hound skeletons
  9 gnolls
  A howler monkey skeleton (D:4)
  3 adders
  2 worms
  3 dart slugs
  6 orcs
  4 bats
  5 giant cockroaches
  14 goblins
  9 hobgoblins
  2 jackals (D:4)
  6 kobolds
  2 quokkas
  3 ball pythons
  5 frilled lizards
  A leopard gecko skeleton (D:4)
  A quokka skeleton (D:4)
  9 rats
105 creatures vanquished.

Notes
Turn   | Place    | Note
-------+----------+-------------------------------------------
     0 | D:1      | Gorglomux the Draconian Fire Elementalist began the quest for the Orb.
     0 | D:1      | Reached XP level 1. HP: 14/14 MP: 3/3
   291 | D:1      | Reached XP level 2. HP: 20/20 MP: 1/5
  1143 | D:2      | Reached XP level 3. HP: 26/26 MP: 4/6
  1300 | D:2      | Noticed Sigmund
  1328 | D:3      | Learned a level 3 spell: Conjure Flame
  1537 | D:2      | Noticed Jessica
  1542 | D:2      | Killed Jessica
  1542 | D:2      | Reached XP level 4. HP: 33/33 MP: 1/8
  1576 | D:2      | Learned a level 4 spell: Sticky Flame
  1744 | D:2      | Noticed Natasha
  1746 | D:2      | Killed Natasha
  1746 | D:2      | Reached skill level 4 in Fire Magic
  1818 | D:2      | Noticed Natasha
  1831 | D:2      | Killed Natasha
  1831 | D:2      | Reached skill level 3 in Spellcasting
  2069 | D:3      | Reached XP level 5. HP: 38/38 MP: 5/9
  2349 | D:3      | Reached skill level 3 in Conjurations
  2476 | D:4      | Noticed an ogre
  2493 | D:4      | Killed an ogre
  2493 | D:4      | Reached XP level 6. HP: 45/45 MP: 0/11
  2998 | D:4      | Noticed Blork the orc
  3006 | D:4      | Killed Blork the orc
  3061 | D:4      | Reached skill level 5 in Fire Magic
  3237 | D:4      | Learned a level 5 spell: Fireball
  3258 | D:4      | Noticed Dowan
  3269 | D:4      | Your scales start taking on a rich purple colour.
  3269 | D:4      | Reached XP level 7. HP: 38/50 MP: 2/14
  3404 | D:4      | Noticed Duvessa
  3412 | D:4      | Killed Duvessa
  3415 | D:4      | Killed Dowan
  3673 | D:4      | Reached skill level 6 in Fire Magic
  3933 | D:4      | Noticed Gorglomux's ghost (amateur VSAs)
  3956 | D:4      | Killed Gorglomux's ghost
  3956 | D:4      | Reached XP level 8. HP: 38/57 MP: 3/15
  4274 | D:5      | Entered Level 5 of the Dungeon
  4274 | D:5      | Noticed Edmund
  4348 | D:5      | Killed Edmund
  4348 | D:5      | Reached skill level 6 in Conjurations
  4476 | D:5      | Reached skill level 7 in Fire Magic
  4598 | D:5      | Found a bloodstained altar of Trog.
  4781 | D:5      | Mangled by an ogre

Vault maps used:
D:1:      mainiacjoe_arrival_reflecting_pool, minmay_rat_gold_closets
D:2:      uniq_jessica, uniq_natasha, uniq_sigmund
D:4:      minmay_ogre_servants, uniq_blork_the_orc, uniq_duvessa
D:5:      first_bread, minivault_19, bloody_trog, uniq_edmund

Skill      XL: |  1  2  3  4  5  6  7  8 |
---------------+-------------------------+-----
Conjurations   | 2 3 4 5 6 |  6.5
Fire Magic     | 4 5 6 7 |  7.1
Spellcasting   | 3 5 |  5.3
Dodging        | |  1.7
Stealth        | |  1.7

Action                   |  1- 3 |  4- 6 |  7- 9 || total
-------------------------+-------+-------+-------++-------
Melee: Unarmed           |     5 |       |       ||     5
       Whip              |    18 |    19 |       ||    37
       Tailslap          |     3 |     6 |     3 ||    12
       Spear             |       |    41 |    36 ||    77
 Cast: Flame Tongue      |    53 |   111 |    74 ||   238
       Conjure Flame     |       |     4 |     3 ||     7
       Sticky Flame      |       |       |     4 ||     4
       Fireball          |       |       |     1 ||     1
 Abil: Breathe Dispellin |       |       |     3 ||     3
  Use: Scroll            |       |     1 |       ||     1
 Stab: Sleeping          |     1 |     2 |       ||     3
  Eat: Chunk             |     3 |     5 |     5 ||    13
       Royal jelly       |       |       |     1 ||     1
Armor: Skin              |    19 |    20 |    21 ||    60
Dodge: Dodged            |    47 |    72 |    41 ||   160
